 Dungeon Crawl Stone Soup version 0.19.1-1-g22dce08 (webtiles) character file.

125 Lahna the Ducker (level 4, -3/40 HPs)
             Began as a Minotaur Berserker on Jan 20, 2017.
             Was a Believer of Trog.
             Killed by nerve-wracking pain
             ... invoked by Grinder
              (11 damage)
             ... while paralysed by Grinder
             ... on level 3 of the Dungeon.
             The game lasted 00:03:15 (1653 turns).

Lahna the Ducker (Minotaur Berserker)               Turns: 1653, Time: 00:03:15

Health: -3/40      AC:  9    Str: 21    XL:     4   Next: 82%
Magic:  3/3        EV:  2    Int:  4    God:    Trog [**....]
Gold:   76         SH:  0    Dex: 11    Spells: 0 memorised, 3 levels left

rFire  . . .     SeeInvis .     a - +0 mace
rCold  . . .     Gourm    .     j - +0 chain mail
rNeg   . . .     Faith    .     (no shield)
rPois  .         Spirit   .     (helmet restricted)
rElec  .         Reflect  +     (no cloak)
rCorr  +         Harm     .     (no gloves)
MR     .....                    (no boots)
Stlth  ..........               f - +2 amulet of reflection
                                (no ring)
                                g - ring of resist corrosion

@: paralysed, exhausted, slowed
A: retaliatory headbutt, horns 2
a: Berserk, Trog's Hand, Burn Spellbooks, Renounce Religion


You were on level 3 of the Dungeon.
You worshipped Trog.
Trog was pleased with you.
You were very hungry.

You visited 1 branch of the dungeon, and saw 3 of its levels.

You collected 76 gold pieces.

Inventory:

Hand Weapons
 a - a +0 mace (weapon)
Armour
 j - a +0 chain mail (worn)
Jewellery
 f - a +2 amulet of reflection (around neck)
 g - a ring of resist corrosion (left hand)
 p - an uncursed ring of protection from magic {unknown}
Wands
 m - a wand of iceblast (12/15)
Scrolls
 b - a scroll of magic mapping {unknown}
 d - a scroll of teleportation {unknown}
 k - a scroll of remove curse {unknown}
 o - a scroll of fog {unknown}
 q - a scroll of enchant weapon {unknown}
Potions
 e - a potion of flight {unknown}
 h - a potion of brilliance {unknown}
 i - a potion of curing {unknown}
 l - a potion of degeneration {unknown}
Comestibles
 c - 2 bread rations
 r - a beef jerky


   Skills:
 - Level 4.0 Fighting
 - Level 4.0 Maces & Flails
 - Level 4.0 Armour
 + Level 4.1 Dodging


You had 3 spell levels left.
You didn't know any spells.

Dungeon Overview and Level Annotations

Branches:
Dungeon (3/15)

Altars:
Ru

Annotations:
D:3 Grinder


Innate Abilities, Weirdness & Mutations

You reflexively headbutt those who attack you in melee.
You have a pair of horns on your head.


Message History

* * * LOW HITPOINT WARNING * * *
You barely miss Grinder.
Grinder is moderately wounded.
You block Grinder's attack. Grinder hits you but does no damage.
Grinder gestures at you.
You suddenly lose the ability to move!
Grinder gestures at you. Pain shoots through your body!
* * * LOW HITPOINT WARNING * * *
Grinder blinks! x2
You can move again.
A goblin comes into view.
The goblin shouts!
Grinder gestures at you.
You suddenly lose the ability to move!
Grinder gestures at you.
You shrug off the repeated paralysis!
Grinder gestures at you. Pain shoots through your body!
You die...

.# ... #.# #... #.# #.. ..
#.# #.. ....#####.## #..
......g....# #.##.#..#
#@5..# ###
#.##.#..###....# ..# #.#
......#.##.######
#.####.####..#.#.##......#
.........).....#.##.####.#
#.#.##...........##.#
#.#.##.##.#.........#
..#.##..........###.#
###.##.##.......# #.#


You could see Grinder and a goblin.

Vanquished Creatures
  A crimson imp (D:3)
  Jessica (D:3)
  An adder (D:3)
  3 oozes
  2 dart slugs
  2 leopard geckos (D:1)
  5 ball pythons (D:1)
  4 giant cockroaches
  A goblin (D:2)
  2 hobgoblins (D:1)
  10 kobolds
  A quokka (D:3)
  2 bats
  3 frilled lizards
  7 rats
45 creatures vanquished.

Notes
Turn   | Place    | Note
-------+----------+-------------------------------------------
     0 | D:1      | Lahna the Minotaur Berserker began the quest for the Orb.
     0 | D:1      | Reached XP level 1. HP: 19/19 MP: 0/0
   215 | D:1      | Reached XP level 2. HP: 27/27 MP: 1/1
   454 | D:1      | Reached ** piety under Trog
   564 | D:1      | Reached XP level 3. HP: 32/33 MP: 2/2
   793 | D:2      | Found a sacrificial altar of Ru.
  1330 | D:3      | Reached XP level 4. HP: 40/40 MP: 3/3
  1398 | D:3      | Noticed Jessica
  1419 | D:3      | Killed Jessica
  1615 | D:3      | Noticed Grinder
  1629 | D:3      | Paralysed by Grinder for 5 turns
  1642 | D:3      | Paralysed by Grinder for 4 turns
  1649 | D:3      | Paralysed by Grinder for 5 turns
  1653 | D:3      | Killed from afar by Grinder

Skill      XL: |  1  2  3  4 |
---------------+-------------+-----
Maces & Flails | 4 |  4.0
Fighting       | 4 |  4.0
Armour         | 3 4 |  4.0
Dodging        | 3 4 |  4.1

Action                   |  1- 3 |  4- 6 || total
-------------------------+-------+-------++-------
Melee: Mace              |    83 |    23 ||   106
       Headbutt          |     7 |     2 ||     9
Invok: Berserk           |       |     1 ||     1
  Eat: Chunk             |     1 |     1 ||     2
Armor: Chain mail        |    46 |     5 ||    51
       Animal skin       |     1 |       ||     1
Dodge: Dodged            |    48 |    16 ||    64
Block: Other             |     9 |     1 ||    10
       Reflection        |     3 |       ||     3
